 Dungeon Crawl Stone Soup version 0.31.0-11-ge490571c62 (webtiles) character file.

Game seed: 14407295112247998039

2378 hawla the Cruncher (level 9, -2/45 HPs)
             Began as a Deep Elf Fire Elementalist on Jan 29, 2024.
             Was a Believer of Vehumet.
             Slain by a steam dragon (5 damage)
             ... on level 7 of the Dungeon.
             The game lasted 00:16:52 (7207 turns).

hawla the Cruncher (Deep Elf Fire Elementalist)     Turns: 7207, Time: 00:16:52

Health: -2/45      AC:  6    Str:  5    XL:     9   Next: 21%
Magic:  12/18      EV: 11    Int: 25    God:    Vehumet [**....]
Gold:   386        SH:  5    Dex: 15    Spells: 11/18 levels left

rFire   . . .        p - staff of earth
rCold   . . .        (no shield)
rNeg    + . .        t - +0 troll leather armour {Pargi}
rPois   .            (no helmet)
rElec   .            l - +1 cloak {Will+}
rCorr   .            e - +0 pair of gloves
SInv    .            (no boots)
Will    +....        r - amulet of reflection
Stlth   ++           q - ring of positive energy
HPRegen 1.07/turn    (no ring)
MPRegen 0.16/turn

%: reflection
@: very slightly contaminated, hasted, very quick
A: no striking features
a: Renounce Religion


You were on level 7 of the Dungeon.
You worshipped Vehumet.
Vehumet was pleased with you.
You visited 2 branches of the dungeon, and saw 8 of its levels.
You also visited: Sewer.

You collected 386 gold pieces.

Inventory:

Hand Weapons
 k - a +3 quarterstaff of chaos
 y - the +6 quarterstaff of Infinity {holy, MP+9 Str+3 SInv}
   (You found it on level 5 of the Dungeon)

   Str+3:     It affects your strength (+3).
   MP+9:      It affects your magic capacity (+9).
   SInv:      It lets you see invisible.
Armour
 a - a +0 robe
 e - a +0 pair of gloves (worn)
 l - a +1 cloak of willpower (worn)
 t - a +0 troll leather armour (worn) {Pargi}
Magical Staves
 p - a staff of earth (weapon)
Jewellery
 i - an amulet of regeneration
 q - a ring of positive energy (left hand)
 r - an amulet of reflection (around neck)
 u - a +6 ring of intelligence
Wands
 f - a wand of light (4)
 x - a wand of mindburst (18)
 A - a wand of polymorph (9)
Scrolls
 c - a scroll of silence
 j - 3 scrolls of revelation
 n - 2 scrolls of vulnerability {unknown}
Potions
 b - a potion of magic
 d - 2 potions of brilliance {unknown}
 g - a potion of attraction
 h - a potion of mutation
 o - a potion of ambrosia {unknown}
 v - a potion of haste
 z - a potion of cancellation {unknown}


   Skills:
 + Level 9.1 Staves
 - Level 2.4 Dodging
 - Level 2.4 Stealth
 - Level 5.0 Spellcasting
 - Level 6.0 Conjurations
 - Level 5.0 Fire Magic
 - Level 3.0 Earth Magic
 - Level 3.0 Evocations


You had 11 spell levels left.
You knew the following spells:

 Your Spells              Type           Power      Damage    Failure   Level
a - Foxfire               Conj/Fire      100%       2x1d9     1%          1
b - Scorch                Fire           62%        2d7       2%          2
c - Flame Wave            Conj/Fire      33%        2d10      14%         4

Your spell library contained the following spells:

 Spells                   Type           Power      Damage    Failure   Level
 Mercury Vapours          Alch/Air       12%        N/A       21%         2
 Inner Flame              Hex/Fire       18%        N/A       14%         3
 Volatile Blastmotes      Fire/Tloc      36%        2d13      14%         3
 Ensorcelled Hibernation  Hex/Ice        12%        N/A       21%         2
 Fugue of the Fallen      Necr           6%         N/A       38%         3
 Anguish                  Hex/Necr       3%         N/A       80%         4
 Borgnjor's Vile Clutch   Necr/Erth      10%        N/A       90%         5
 Alistair's Intoxication  Alch           4%         N/A       98%         5
 Eringya's Noxious Bog    Alch           3%         4d6       100%        6


Dungeon Overview and Level Annotations

Branches:
Dungeon (7/15)             Temple (1/1) D:4           Sewer (visited)

Altars:
Ashenzari
Cheibriados
Elyvilon
Fedhas
Gozag
Hepliaklqana
Kikubaaqudgha
Makhleb
Nemelex Xobeh
Okawaru
Qazlal
Ru
Sif Muna
Trog
Uskayaw
Vehumet
Wu Jian
Xom
Yredelemnul
Zin
The Shining One

Shops:
D:1 =


Message History

The steam dragon hisses angrily.
Casting: Foxfire (safe; 1% risk of failure)
Confirm with . or Enter, or press ? or * to list all spells.
Flames lash the steam dragon.
The steam dragon is lightly wounded.
The steam dragon's fire resistance burns away.
The foxfire hits the steam dragon.
The steam dragon is burned terribly!
The steam dragon is moderately wounded.
The foxfire hits the steam dragon but does no damage.
The steam dragon is moderately wounded.
The steam dragon breathes steam at you. The ball of steam hits you!
Casting: Scorch (safe; 2% risk of failure)
Confirm with . or Enter, or press ? or * to list all spells.
You miscast Scorch.
You are very lightly contaminated with residual magic.
Nothing appears to happen.
You are engulfed in a cloud of scalding steam.
The steam dragon breathes steam at you. The ball of steam hits you!
You hit the steam dragon but do no damage.
The steam dragon is moderately wounded.
You are engulfed in a cloud of scalding steam.
The steam dragon is no longer more vulnerable to fire.
The steam dragon closely misses you. You block the steam dragon's attack.
Casting: Scorch (safe; 2% risk of failure)
Confirm with . or Enter, or press ? or * to list all spells.
Flames lash the steam dragon.
The steam dragon is heavily wounded.
The steam dragon's fire resistance burns away.
You are engulfed in a cloud of scalding steam.
The steam dragon barely misses you. x2
The steam dragon breathes steam at you. The ball of steam hits you!
* * * LOW HITPOINT WARNING * * *
It was a potion of haste.
You feel yourself speed up.
You are engulfed in a cloud of scalding steam.
* * * LOW HITPOINT WARNING * * *
The steam dragon closely misses you. The steam dragon claws you.
You die...

##..## #..# ## #..# #..
#..# ##... ##########..#
#.....
##.........)†##......
##.)..#####)..#.......
#....#.###.#§§§D......
#.#.#.#.#.#.#§@§......
##
.##.#.##.#[#.##§§§......
##.
....#.###...###.§.......
##..
#.###.##.#)#.##.........
##... #.
#.#.#.#.#.#.........
#.... # #..#.#
#.#.......... #....
....# #...........
##.... #...#.
........... #..... ##. #
..... ##.....


You could see a steam dragon (combustible).

Vanquished Creatures
  Menkaure (D:4)
  Edmund (D:6)
  Pargi (Sewer)
  A water moccasin (D:7)
  An orc warrior (D:7)
  2 ice beasts
  A black bear (D:5)
  A phantom (D:5)
  2 kobold brigands
  A brain worm (Sewer)
  3 scorpions
  4 wights (D:6)
  3 killer bees (D:7)
  3 bombardier beetles
  2 jellies
  3 hounds
  An orc priest (D:5)
  Crazy Yiuf (D:2)
  5 iguanas
  2 sleepcaps (D:7)
  2 orc wizards
  8 adders
  A white imp (D:7)
  3 ufetubi
  A dart slug (D:2)
  4 ribbon worms
  The ghost of pigah the Changeling, a weakling OpSh (D:3)
  15 orcs
  12 bats
  7 endoplasms
  5 giant cockroaches
  9 goblins
  9 hobgoblins
  8 jackals
  4 quokkas
  13 ball pythons
  7 frilled lizards
  9 kobolds
  5 rats
  A spectral goblin (D:3)
163 creatures vanquished.

Vanquished Creatures (others)
  309 foxfires
309 creatures vanquished.

Grand Total: 472 creatures vanquished

Notes
Turn   | Place    | Note
-------+----------+-------------------------------------------
     0 | D:1      | hawla the Deep Elf Fire Elementalist began the quest for
                  | the Orb.
     0 | D:1      | Reached XP level 1. HP: 10/10 MP: 6/6
   166 | D:1      | Found Uhihomag's Jewellery Shoppe.
   192 | D:1      | Reached XP level 2. HP: 15/15 MP: 1/8
   762 | D:1      | Reached XP level 3. HP: 19/19 MP: 7/9
  1210 | D:2      | Found a broken altar of Ashenzari.
  1314 | D:2      | Found a faded altar of an unknown god.
  1347 | D:2      | Learned a level 2 spell: Scorch
  1380 | D:2      | Reached XP level 4. HP: 24/24 MP: 2/10
  1385 | D:2      | Learned a level 4 spell: Flame Wave
  2145 | D:2      | Found a runed translucent door.
  2146 | D:2      | Noticed Crazy Yiuf
  2154 | D:2      | Killed Crazy Yiuf
  2155 | D:2      | Reached skill level 5 in Conjurations
  2273 | D:3      | Reached XP level 5. HP: 28/28 MP: 7/11
  2637 | D:3      | Found an opulent altar of Gozag.
  2682 | D:3      | Found a burning altar of Makhleb.
  2871 | D:3      | Noticed pigah's ghost (weakling OpSh)
  2904 | D:3      | Found a transporter.
  2916 | D:3      | Found a transporter.
  3110 | D:3      | Found a hazy altar of Hepliaklqana.
  3224 | D:3      | Killed pigah's ghost
  3317 | D:4      | Noticed Menkaure
  3323 | D:4      | Killed Menkaure
  3324 | D:4      | Reached XP level 6. HP: 17/32 MP: 5/12
  3497 | D:4      | Reached skill level 5 in Fire Magic
  3724 | D:4      | Found a staircase to the Ecumenical Temple.
  3738 | Temple   | Entered the Ecumenical Temple
  3749 | Temple   | Became a worshipper of Vehumet
  3899 | D:4      | Found a shimmering altar of Xom.
  4143 | D:4      | Reached skill level 1 in Earth Magic
  4502 | D:5      | Entered Level 5 of the Dungeon
  4640 | D:5      | Identified the +6 quarterstaff of Infinity {holy, MP+9
                  | Str+3 SInv}
  4648 | D:5      | Found a glowing drain.
  4653 | D:5      | Reached XP level 7. HP: 27/36 MP: 8/13
  4734 | Sewer    | Entered a sewer
  4787 | Sewer    | Noticed Pargi
  4803 | Sewer    | Killed Pargi
  4873 | Sewer    | Identified the +4 chain mail of Lifelessness {rF+ Str+2}
  5064 | D:5      | Reached skill level 5 in Spellcasting
  5064 | D:5      | Reached skill level 1 in Staves
  5087 | D:5      | Found a sacrificial altar of Ru.
  5102 | D:5      | Reached skill level 2 in Staves
  5106 | D:5      | Reached skill level 3 in Staves
  5221 | D:5      | Reached * piety under Vehumet
  5221 | D:5      | Offered knowledge of Shock by Vehumet.
  5222 | D:5      | Reached XP level 8. HP: 34/41 MP: 4/17
  5223 | D:5      | Reached skill level 4 in Staves
  5419 | D:5      | Reached skill level 5 in Staves
  5853 | D:6      | HP: 1/51 [wight/+4 flail (7)]
  5854 | D:6      | Reached skill level 6 in Staves
  5994 | D:6      | Found an ancient bone altar of Kikubaaqudgha.
  6187 | D:6      | Noticed Edmund
  6192 | D:6      | Killed Edmund
  6193 | D:6      | Reached skill level 7 in Staves
  6397 | D:6      | Found a snail-covered altar of Cheibriados.
  6400 | D:6      | Found a broken altar of Ashenzari.
  6815 | D:7      | Reached skill level 8 in Staves
  6815 | D:7      | Reached XP level 9. HP: 45/45 MP: 13/18
  6986 | D:7      | Offered knowledge of Mercury Vapours by Vehumet.
  7037 | D:7      | Reached ** piety under Vehumet
  7055 | D:7      | Reached skill level 9 in Staves
  7207 | D:7      | HP: 2/45 [steam dragon] (5)]
  7207 | D:7      | Slain by a steam dragon

Illustrated notes

Levels and vault maps discovered:
D:1:      dpeg_arrival_rooms_b, layout_basic, serial_shops, shop,
          chequers_serial_rivers_large_b, minmay_tetromino_t2
D:2:      layout_basic, shapermc_ecumenical_altar_pompeii, basic_altar,
          uniq_crazy_yiuf_cottage
D:3:      layout_loops_cross, overflow_temple_1_default,
          nicolae_hepliaklqana_monster_ancestors, grunt_gozag_breadcrumbs,
          gammafunk_ghost_arena, st_stairs_8, minmay_misc_feat_more_columns,
          serial_park_tiny_2
D:4:      layout_cave_pods, overflow_temple_1_default,
          minmay_temple_entry_gardened_gates, uniq_menkaure
D:5:      layout_loops_ring, old_standard_altar, portal_sewer_entry_a
D:6:      layout_cave_pools, nicolae_overflow_squiral, lemuel_doored_altar,
          nrook_campfire, uniq_edmund
D:7:      layout_cave_pods, minmay_circle_x
Temple:   nicolae_temple_figure_eight

Skill      XL: |  1  2  3  4  5  6  7  8  9 |
---------------+----------------------------+-----
Conjurations   | 2 3 4 5 6 |  6.0
Fire Magic     | 4 5 |  5.0
Evocations     | 3 |  3.0
Earth Magic    | 1 3 |  3.0
Spellcasting   | 5 |  5.0
Staves         | 3 8 9 |  9.1
Dodging        | |  2.4
Stealth        | |  2.4

Action                     |  1- 3 |  4- 6 |  7- 9 || total
---------------------------+-------+-------+-------++-------
  Melee: Unarmed           |       |     7 |       ||     7
         Punch             |       |     2 |       ||     2
         Quarterstaff      |       |    22 |     6 ||    28
         Staff             |       |    51 |    26 ||    77
   Cast: Foxfire           |    48 |    60 |    65 ||   173
         Scorch            |     2 |    33 |    42 ||    77
         Flame Wave        |       |     1 |     9 ||    10
    Use: Scroll            |     4 |     4 |     4 ||    12
         Potion            |       |       |     7 ||     7
   Stab: Sleeping          |       |     2 |       ||     2
         Distracted        |       |     1 |       ||     1
 Armour: Robe              |    10 |    67 |    17 ||    94
         Troll leather arm |       |       |    57 ||    57
  Dodge: Dodged            |    14 |    82 |    72 ||   168
  Block: Other             |       |    13 |    21 ||    34
         Reflection        |       |       |     1 ||     1
